 Dungeon Crawl Stone Soup version 0.31-a0-844-gdc52ec4e09 (webtiles) character file.

Game seed: 7449498390065318698

661 rageheart7 the Ruffian (level 7, -9/94 HPs)
             Began as a Black Draconian Shapeshifter on Sept 29, 2023.
             Mangled by Duvessa
             ... wielding a +0 short sword
              (14 damage)
             ... on level 5 of the Dungeon.
             The game lasted 00:06:36 (2881 turns).

rageheart7 the Ruffian (DrSh)                       Turns: 2881, Time: 00:06:36

Health: -9/94      AC:  6    Str: 18    XL:     7   Next: 30%
Magic:  0/7        EV: 12    Int: 14    God:
Gold:   261        SH:  0    Dex: 10    Spells: 6/6 levels left

rFire   . .          .
                       - Unarmed
rCold   . . .        (no shield)
rNeg    . . .        (body armour unavailable)
rPois   .            (helmet currently unavailable)
rElec   +            (cloak currently unavailable)
rCorr   .            (gloves currently unavailable)
SInv    .            (boots currently unavailable)
Will    .....        d - amulet of Jycvixis {Spirit Int+3} Stlth
                     (no ring)
HPRegen 0.35/turn    (no ring)
MPRegen 0.10/turn

%: guardian spirit
@: berserking (expiring), beast-form, very quick
A: beast (slay +1), breathe lightning, AC +6, unfitting armour, electricity
resistance, cold-blooded
a: Breathe Lightning, Begin Untransformation


You were on level 5 of the Dungeon.
You were a hulking beast.
You visited 1 branch of the dungeon, and saw 5 of its levels.

You collected 261 gold pieces.

Inventory:

Armour
 h - a +1 buckler
 v - a +0 cloak
Jewellery
 d - the amulet of Jycvixis (around neck) {Spirit Int+3}
   (You found it on level 2 of the Dungeon)

   [amulet of guardian spirit]

   Spirit:    It causes incoming damage to be divided between your reserves of
   health and magic.
   Int+3:     It affects your intelligence (+3).
 o - a ring of protection from cold
 p - a ring of positive energy
Talismans
 b - a beast talisman (active)
 c - a flux talisman
 l - a granite talisman
Wands
 m - a wand of mindburst (16)
Scrolls
 g - 4 scrolls of teleportation
 k - a scroll of fear
 q - a scroll of immolation {unknown}
 s - a scroll of enchant armour
 t - 6 scrolls of enchant weapon
Potions
 a - 2 potions of might
 e - 3 potions of mutation
 f - a potion of heal wounds
 j - a potion of invisibility
 n - a potion of haste {unknown}
 r - a potion of resistance
 u - a potion of brilliance {unknown}
 w - a potion of degeneration {unknown}


   Skills:
 * Level 6.2 Fighting
 - Level 1.7 Dodging
 * Level 6.4 Unarmed Combat
 - Level 3.0 Shapeshifting


You had 6 spell levels left.
You didn't know any spells.
Your spell library contained the following spells:

 Spells                   Type           Power      Damage    Failure   Level
 Tukima's Dance           Hex            0%         N/A       65%         3
 Dimensional Bullseye     Hex/Tloc       0%         N/A       96%         4
 Iskenderun's Mystic Bla  Conj/Tloc      0%         2d3       96%         4


Dungeon Overview and Level Annotations

Branches:
Dungeon (5/15)
 Temple: D:4-7

Altars:
Ashenzari
Qazlal

Shops:
D:1 [   D:4 (

Annotations:
D:5 Duvessa


Innate Abilities, Weirdness & Mutations

You are a hulking beast.
Your limbs bulge with bestial killing power. (Slay +1)
You can breathe wild blasts of lightning.
Your glossy black scales are hard. (AC +6)
You cannot fit into any form of body armour.
You are resistant to electric shocks. (rElec)
You are cold-blooded and may be slowed by cold attacks.


Message History

Dowan casts a spell at Duvessa.
Duvessa seems to speed up.
You hit Dowan.
Dowan is severely wounded.
Duvessa hits you with a +0 short sword.
You punch Dowan!
You kill Dowan!
Duvessa screams, "No!
How DARE you!"
Duvessa goes berserk!
You barely miss Duvessa.
Your tail-slap misses Duvessa.
Duvessa barely misses you.
You closely miss Duvessa. Duvessa hits you with a +0 short sword.
You punch Duvessa!
Duvessa is lightly wounded.
Duvessa hits you with a +0 short sword!
You punch Duvessa!
Duvessa is moderately wounded.
Duvessa hits you but does no damage.
You punch Duvessa!
Duvessa is heavily wounded.
Duvessa hits you with a +0 short sword.
You barely miss Duvessa.
Duvessa is heavily wounded.
You closely miss Duvessa.
Your tail-slap misses Duvessa.
Duvessa is heavily wounded.
Duvessa hits you with a +0 short sword!!
* * * LOW HITPOINT WARNING * * *
You barely miss Duvessa.
Duvessa is heavily wounded.
Duvessa hits you with a +0 short sword!
* * * LOW HITPOINT WARNING * * *
You punch Duvessa!
Duvessa is severely wounded.
Duvessa hits you with a +0 short sword!
* * * LOW HITPOINT WARNING * * *
You are too berserk!
You closely miss Duvessa.
Your tail-slap misses Duvessa.
Duvessa is severely wounded.
Duvessa hits you with a +0 short sword!
You die...

#.[.......###### ##
#..............# #.
#######........# #.
#........#.#.
####........#.#. .
#...........#.#. ...
#...........#.#.
.....####........####.#.
.......he........####.##
.......).............>..
..#.####................
>. ..#.########..... #
...#.# #.##... ....#..
... #... ....#### ###.
#... ....# #. #... #.
#...


You could see Duvessa (berserk, fast).

Vanquished Creatures
  A water moccasin (D:4)
  A black bear (D:4)
  An ogre (D:3)
  Dowan (D:5)
  2 hounds
  2 orc priests (D:4)
  An iguana (D:5)
  Terence (D:3)
  An orc wizard (D:4)
  4 adders
  A worm (D:2)
  A dart slug (D:4)
  11 orcs (D:4)
  11 endoplasms
  4 giant cockroaches
  8 hobgoblins
  3 jackals (D:3)
  3 quokkas
  4 ball pythons
  6 bats
  6 frilled lizards
  7 goblins
  9 kobolds
  7 rats
96 creatures vanquished.

Notes
Turn   | Place    | Note
-------+----------+-------------------------------------------
     0 | D:1      | rageheart7 the Draconian Shapeshifter began the quest for
                  | the Orb.
     0 | D:1      | Reached XP level 1. HP: 16/16 MP: 1/1
   188 | D:1      | Reached XP level 2. HP: 24/24 MP: 2/2
   238 | D:1      | Found Xuvyes's Armour Shop.
   576 | D:2      | Reached XP level 3. HP: 16/30 MP: 3/3
   629 | D:2      | Identified the amulet of Jycvixis {Spirit Int+3}
   820 | D:2      | Reached XP level 4. HP: 34/38 MP: 4/4
  1230 | D:3      | Found a stormy altar of Qazlal.
  1274 | D:3      | Noticed Terence
  1282 | D:3      | Killed Terence
  1349 | D:3      | Noticed an ogre
  1352 | D:3      | Killed an ogre
  1353 | D:3      | Reached XP level 5. HP: 46/46 MP: 5/5
  1369 | D:3      | Reached skill level 5 in Unarmed Combat
  1405 | D:3      | Found a broken altar of Ashenzari.
  2123 | D:4      | HP: 1/42 [orc/+0 whip (2)]
  2132 | D:4      | Reached XP level 6. HP: 21/49 MP: 1/6
  2275 | D:4      | Noticed a water moccasin
  2294 | D:4      | Killed a water moccasin
  2295 | D:4      | Reached skill level 5 in Fighting
  2397 | D:4      | Your scales start taking on a glossy black colour.
  2397 | D:4      | Reached XP level 7. HP: 56/62 MP: 3/7
  2397 | D:4      | Gained mutation: You are resistant to electric shocks.
                  | (rElec) [Black Draconian growth]
  2525 | D:4      | Found Rucuxum's Antique Weapon Emporium.
  2717 | D:5      | Entered Level 5 of the Dungeon
  2851 | D:5      | Noticed Duvessa
  2851 | D:5      | Noticed Dowan
  2871 | D:5      | Killed Dowan
  2880 | D:5      | HP: 4/94 [Duvessa/+0 short sword (9)]
  2881 | D:5      | Mangled by Duvessa

Illustrated notes

Levels and vault maps discovered:
D:1:      shiori_shiawase, layout_rooms, serial_shops, shop
D:2:      minmay_wonky_spiral, layout_rooms, minmay_hexomino_c4
D:3:      layout_rooms, nicolae_qazlal_scattered_showers,
          ashenzari_conservatory_becter, uniq_terence
D:4:      layout_loops_ring, serial_shops, kennysheep_mini_moat,
          kennysheep_generic_room_4
D:5:      layout_basic, uniq_duvessa

Skill      XL: |  1  2  3  4  5  6  7 |
---------------+----------------------+-----
Fighting       | 2 3 4 5 6 |  6.2
Unarmed Combat | 4 5 6 |  6.4
Dodging        | |  1.7
Shapeshifting  | |  3.0

Action                     |  1- 3 |  4- 6 |  7- 9 || total
---------------------------+-------+-------+-------++-------
  Melee: Unarmed           |   118 |   137 |    44 ||   299
         Tailslap          |    12 |    14 |     5 ||    31
         Punch             |     2 |     5 |     1 ||     8
  Evoke: Wand              |       |     2 |       ||     2
    Use: Scroll            |     6 |     5 |     1 ||    12
         Potion            |     1 |     4 |     2 ||     7
   Stab: Sleeping          |     1 |       |       ||     1
 Armour: Skin              |    65 |    83 |    32 ||   180
  Dodge: Dodged            |    75 |    67 |    20 ||   162

Table legend: (Time is in decaauts)
 A = Elapsed time spent in this place.
 B = Non-inter-level travel time spent in this place.
 C = Inter-level travel time spent in this place.
 D = Time resting spent in this place.
 E = Time spent auto-exploring this place.
 F = Levels seen in this place.
 G = Mean time per level.
                   A        B        C        D        E       F      G
               +--------+--------+--------+--------+--------+-----+--------+
         Total |   2850 |   2803 |     47 |      0 |   2158 |   5 |  570.0 |
       Dungeon |   2850 |   2803 |     47 |      0 |   2158 |   5 |  570.0 |
               +--------+--------+--------+--------+--------+-----+--------+

Top non-repeatable levels by time:
     D:4: 1003 daAuts
     D:2: 615 daAuts
     D:3: 541 daAuts
     D:1: 534 daAuts
     D:5: 156 daAuts
